 Dungeon Crawl Stone Soup version 0.21.0 (webtiles) character file.

112 Jinx the Grave Robber (level 4, 0/34 HPs)
             Began as a Mummy Necromancer on May 16, 2018.
             Killed from afar by Natasha (8 damage)
             ... with a magic dart
             ... on level 2 of the Dungeon.
             The game lasted 00:04:04 (2058 turns).

Jinx the Grave Robber (Mummy Necromancer)           Turns: 2058, Time: 00:04:04

Health: 0/34       AC:  3    Str: 11    XL:     4   Next: 63%
Magic:  0/8        EV: 11    Int: 15    God:
Gold:   120        SH:  0    Dex: 12    Spells: 7/8 levels left

rFire    x . .     SeeInvis +   i - +0 whip
rCold    + . .     Gourm    .   (no shield)
rNeg     + + +     Faith    .   a - +0 robe
rPois    ∞         Spirit   .   (no helmet)
rElec    .         Reflect  .   (no cloak)
rCorr    .         Harm     .   h - +0 pair of gloves
MR       .....                  (no boots)
Stlth    +.........             (no amulet)
HPRegen  0.11/turn              d - ring of see invisible
MPRegen  0.11/turn              (no ring)

@: slowed, drained, very slow
A: no food or potions, fire vulnerability, cold resistance 1, negative energy
resistance 3, torment resistance, unbreathing
a: no special abilities


You were on level 2 of the Dungeon.
You were not hungry.

You visited 1 branch of the dungeon, and saw 2 of its levels.

You collected 120 gold pieces.

Inventory:

Hand Weapons
 i - a +0 whip (weapon)
Armour
 a - a +0 robe (worn)
 h - a +0 pair of gloves (worn)
Jewellery
 d - a ring of see invisible (left hand)
 g - an uncursed amulet of harm
Scrolls
 c - 3 scrolls of identify {unknown}
 e - a scroll of enchant armour {unknown}
 f - a scroll of enchant weapon {unknown}
 j - a scroll of teleportation {unknown}
 k - 6 scrolls of amnesia {unknown}
 l - a scroll of fog {unknown}
Books
 b - a book of Necromancy

   Spells                             Type                      Level
   a - Pain                           Necromancy                   1
   b - Animate Skeleton               Necromancy                   1
   c - Vampiric Draining              Necromancy                   3
   d - Regeneration                   Charms/Necromancy            3
   e - Animate Dead                   Necromancy                   4
   f - Borgnjor's Vile Clutch         Necromancy/Earth             5


   Skills:
 + Level 2.5(1.9) Fighting
 + Level 1.3(0.7) Maces & Flails
 - Level 1.5(0.9) Dodging
 - Level 1.5(0.9) Stealth
 - Level 2.6(2.0) Spellcasting
 + Level 4.9(4.2) Necromancy


You had 7 spell levels left.
You knew the following spells:

 Your Spells              Type           Power        Failure   Level  Hunger
a - Pain                  Necr           ##..         4%          1    N/A

Dungeon Overview and Level Annotations

Branches:
Dungeon (2/15)

Altars:

Annotations:
D:2 Natasha


Innate Abilities, Weirdness & Mutations

You do not eat or drink.
Your flesh is vulnerable to fire.
You are immune to poison.
Your flesh is cold resistant. (rC+)
You are immune to negative energy. (rN+++)
You are immune to unholy pain and torment.
You can survive without breathing.


Message History

Aim: Natasha (severely wounded, chance to defeat MR: 72%) Natasha struggles to resist.
Natasha stares at you and mumbles some strange words.
You feel yourself slow down.
The crimson imp blinks!
The crimson imp hits you.
You closely miss Natasha.
Natasha is severely wounded.
Natasha claws you.
* * * LOW HITPOINT WARNING * * *
The crimson imp hits you.
* * * LOW HITPOINT WARNING * * *
You closely miss Natasha.
Natasha is severely wounded.
Natasha stares at you and mumbles some strange words.
You resist with some effort.
The crimson imp blinks!
Natasha closely misses you.
You closely miss Natasha.
Natasha is severely wounded.
Natasha casts a spell at you. The magic dart hits you!
You die...

....... ....... .....######.
....+...........###.#.........
....#...........##............#
....#.......5...##............#
....#...........##............#
....#...........##............#
................##....†.......#
.......#...5...h@.............#
.......#........§..####.......#
####...#.........#.#.#.).####.
####...#.##...##.##...##.#
.....†.#.##...#..#.....#.###
..........#...#..##...##...
....#######.###....#.#.#.##
....# #.........####...#
#...#####...............##


You could see Natasha and 2 crimson imps.

Vanquished Creatures
  Terence (D:2)
  Natasha (D:2)
  2 adders (D:2)
  An ooze (D:2)
  A dart slug (D:1)
  5 bats
  A giant cockroach (D:1)
  5 goblins (D:1)
  6 hobgoblins
  2 jackals (D:1)
  A quokka (D:2)
  3 frilled lizards
  4 kobolds (D:1)
  3 rats (D:1)
36 creatures vanquished.

Notes
Turn   | Place    | Note
-------+----------+-------------------------------------------
     0 | D:1      | Jinx the Mummy Necromancer began the quest for the Orb.
     0 | D:1      | Reached XP level 1. HP: 13/13 MP: 4/4
   192 | D:1      | Reached skill level 1 in Fighting
   286 | D:1      | Reached XP level 2. HP: 21/21 MP: 3/5
  1417 | D:1      | Reached XP level 3. HP: 14/27 MP: 0/7
  1909 | D:2      | Noticed Terence
  1916 | D:2      | Killed Terence
  1916 | D:2      | Reached skill level 1 in Maces & Flails
  1916 | D:2      | Reached XP level 4. HP: 21/34 MP: 1/8
  1990 | D:2      | Noticed Natasha
  1998 | D:2      | Killed Natasha
  2039 | D:2      | Noticed Natasha
  2058 | D:2      | Killed from afar by Natasha

Skill      XL: |  1  2  3 |
---------------+----------+-----
Fighting       | 1 2 |  2.5
Maces & Flails | 1 |  1.3
Dodging        | |  1.5
Stealth        | |  1.5
Spellcasting   | |  2.6
Necromancy     | |  4.9

Action                   |  1- 3 |  4- 6 || total
-------------------------+-------+-------++-------
Melee: Whip              |    28 |     5 ||    33
       Unarmed           |     3 |       ||     3
 Cast: Pain              |    70 |    15 ||    85
Armor: Robe              |    16 |       ||    16
Dodge: Dodged            |    31 |     4 ||    35
